 Dungeon Crawl Stone Soup version 0.23.2-1-ga50397a (webtiles) character file.

Game seed: 8453197410058633969

31541 Heatsaber the Slicer (level 13, -3/102 HPs)
             Began as a Vine Stalker Arcane Marksman on May 26, 2019.
             Was the Champion of Zin.
             Slain by a black mamba (10 damage)
             ... on level 5 of the Lair of Beasts on May 27, 2019.
             The game lasted 02:00:50 (14960 turns).

Heatsaber the Slicer (VSAM)                        Turns: 14960, Time: 02:00:51

Health: -3/102     AC: 19    Str: 22    XL:     13   Next: 58%
Magic:  0/30       EV:  9    Int: 16    God:    Zin [******]
Gold:   1110       SH:  0    Dex: 15    Spells: 3/14 levels left

rFire    + . .     SeeInvis .   x - +2 short sword (venom)
rCold    . . .     Gourm    .   (no shield)
rNeg     . . .     Faith    .   F - +1 chain mail of Olokhokh {Int+2}
rPois    .         Spirit   +   W - +2 helmet
rElec    .         Reflect  .   I - +2 cloak
rCorr    .         Harm     .   l - +0 pair of gloves
MR       +....                  (no boots)
Stlth    ..........             s - amulet of regeneration
HPRegen  1.47/turn              a - ring of magical power
MPRegen  0.22/turn              Q - ring of protection from fire

@: berserking, lethally poisoned (-3 -> -11), slowed
A: fangs 3, regeneration 2, magic shield, antimagic bite, no potion heal 3, rot
immunity
a: Recite, Vitalisation, Imprison, Sanctuary, Donate Gold, Renounce Religion


You were on level 5 of the Lair of Beasts.
You worshipped Zin.
Zin was exalted by your worship.
You were not hungry.

You visited 3 branches of the dungeon, and saw 15 of its levels.
You also visited: Sewer and Ice Cave.

You collected 1269 gold pieces.
You spent 33 gold pieces at shops.
You donated 126 gold pieces to Zin.

Inventory:

Hand Weapons
 q - a +0 rapier
 u - the +6 trident "Killer Klown's Peril" {holy, MR+}
   (You found it on level 4 of the Dungeon)

   It has been blessed by the Shining One to cause great damage to the undead
   and demons.
   It affects your resistance to hostile enchantments.
 x - a +2 short sword of venom (weapon)
 S - a +0 falchion
 Z - a +0 long sword
Missiles
 d - 4 throwing nets
 v - 64 poisoned needles
 C - 3 needles of frenzy
 E - 25 tomahawks (quivered)
 G - 10 javelins
 N - 3 poisoned tomahawks
Armour
 i - a scarf of repulsion
 l - a +0 pair of gloves (worn)
 B - a cursed +0 large shield
 F - the +1 chain mail of Olokhokh (worn) {Int+2}
   (You found it on level 3 of the Lair of Beasts)

   It affects your intelligence (+2).
 I - a +2 cloak (worn)
 W - a +2 helmet (worn)
Magical Staves
 y - an uncursed staff of wizardry
Jewellery
 a - a ring of magical power (left hand)
 g - an uncursed ring of fire
 s - an amulet of regeneration (around neck)
 J - an uncursed ring of protection from cold
 L - an uncursed ring of protection from cold
 Q - a ring of protection from fire (right hand)
Wands
 M - a wand of enslavement (9)
 O - a wand of flame (29)
 U - a wand of disintegration (20)
 X - a wand of digging (5)
 Y - a wand of iceblast (7)
Scrolls
 c - 8 scrolls of remove curse
 h - a scroll of vulnerability
 j - 4 scrolls of teleportation
 k - 2 scrolls of blinking
 o - 5 scrolls of magic mapping
 t - a scroll of fear
 w - 3 scrolls of enchant weapon
 D - 2 scrolls of immolation
 R - 2 scrolls of amnesia
 V - 2 scrolls of enchant armour
Potions
 b - 4 potions of flight
 e - 2 potions of agility
 m - 7 potions of curing
 n - 3 potions of brilliance
 r - 2 potions of cancellation
 z - 5 potions of might
 A - a potion of ambrosia {unknown}
 H - 3 potions of berserk rage
 K - a potion of haste
 T - a potion of magic
Miscellaneous
 P - a sack of spiders
Comestibles
 f - 35 rations


   Skills:
 - Level 8.0 Fighting
 + Level 10.6 Short Blades
 - Level 1.7 Throwing
 - Level 8.0 Armour
 - Level 1.5 Dodging
 + Level 9.8 Shields
 - Level 1.1 Spellcasting
 - Level 3.0 Hexes
 + Level 4.0 Translocations
 - Level 10.0 Invocations


You had 3 spell levels left.
You knew the following spells:

 Your Spells              Type           Power        Failure   Level  Hunger
a - Corona                Hex            ##.....      41%         1    ##.....
b - Portal Projectile     Hex/Tloc       ##....       73%         3    ####...
c - Apportation           Tloc           ##....       30%         1    ##.....
d - Blink                 Tloc           N/A          41%         2    ###....
e - Passage of Golubria   Tloc           N/A          96%         4    #####..

Your spell library contained the following spells:

 Spells                   Type           Power        Failure   Level  Hunger
 Confusing Touch          Hex            ##....       41%         1    ##.....
 Slow                     Hex            ##......     56%         2    ###....
 Gell's Gravitas          Tloc           ##........   65%         3    ####...
 Lesser Beckoning         Tloc           ##........   65%         3    ####...
 Teleport Other           Tloc           ##......     65%         3    ####...
 Shroud of Golubria       Chrm/Tloc      #.........   71%         2    ###....
 Animate Skeleton         Necr           N/A          83%         1    ##.....
 Summon Small Mammal      Summ           #...         83%         1    ##.....
 Inner Flame              Hex/Fire       #.......     94%         3    ####...
 Cause Fear               Hex            ##........   99%         4    #####..
 Leda's Liquefaction      Hex/Erth       #.........   100%        4    #####..


Dungeon Overview and Level Annotations

Branches:
Dungeon (9/15)             Temple (1/1) D:5            Lair (5/6) D:9
 Shoals (0/4) Lair:2       Spider (0/4) Lair:2
  Slime: Lair:5-6       Orc: D:9-12

Altars:
Ashenzari
Cheibriados
Dithmenos
Elyvilon
Fedhas
Gozag
Hepliaklqana
Kikubaaqudgha
Makhleb
Nemelex Xobeh
Okawaru
Qazlal
Ru
Sif Muna
Trog
Uskayaw
Vehumet
Wu Jian
Xom
Yredelemnul
Zin
The Shining One

Shops:
D:6 *

Annotations:
D:5 2 runed translucent doors, Jaiteiro's ghost, novice MiFi
D:7 2 transporters, XPEneeg3's ghost, novice HOFi
D:8 2 transporters, bmj180's ghost, novice HOAK
Lair:5 1 transporter, doot's ghost, journeyman HOFE


Innate Abilities, Weirdness & Mutations

You have razor-sharp teeth.
You heal very quickly.
When hurt, damage is shared between your health and your magic reserves.
Your bite disrupts and absorbs the magic of your enemies.
Potions cannot restore your health.
You are immune to rotting.


Message History

The black mamba bites you!!
* * * LOW HITPOINT WARNING * * *
You are more poisoned.
The black mamba poisons you!
Doot's ghost casts a spell.
Doot's ghost blinks!
The moth of wrath bites you!
* * * LOW HITPOINT WARNING * * *
The moth of wrath infuriates you!
A red film seems to cover your vision as you go berserk!
You feel yourself moving faster!
You feel mighty! The blink frog barely misses you.
There is a transporter, spattered with blood here.
Okay, then.
You are too berserk!
You are too berserk!
Okay, then.
* * * LOW HITPOINT WARNING * * *
You feel very sick. The black mamba closely misses you.
The black mamba bites you!
You die...

#...#.##............
###...................
##.....####.©.####.....
##.P...##.W##### .###...
##......#....(!().#..##.#
##P.....##.##..[###....#.#
#.......#.F...#.....#.##.P
###.##..#©S##..©..#...#..P
#..##..#@yw.§.#..##..#...
##.....##...#...#... #...
#..#....#....#......##...
#P.##...#####..###.##..#.
#..##.......####©###.....
#.....#..P..............P
##........PP.............
#.......................
#................##.....


You could see a torpor snail, a moth of wrath, a black mamba (berserk), a blink
frog and doot's ghost.

Vanquished Creatures
  A white draconian (IceCv)
  4 hydras
  2 two-headed ogres (D:9)
  8 death yaks
  Pikel (D:7)
  3 black mambas
  An ice statue (IceCv)
  8 spiny frogs
  A rime drake (Lair:4)
  3 komodo dragons
  14 polar bears
  4 merfolk (Lair:2)
  11 blink frogs
  6 hippogriffs
  A redback (Lair:2)
  A basilisk (Lair:4)
  Eustachio (D:5)
  16 yaks (IceCv)
  A hungry ghost (D:8)
  Duvessa (D:6)
  5 porcupines
  6 water moccasins
  5 orc warriors
  3 sky beasts
  3 black bears
  A hornet zombie (D:9)
  9 ice beasts
  A slave (D:7)
  4 ogres
  2 centaurs (D:9)
  A phantom (D:8)
  13 wolves (IceCv)
  3 crocodiles
  A big kobold (Sewer)
  Blork the orc (D:5)
  9 bullfrogs
  Dowan (D:6)
  A scorpion (D:9)
  3 howler monkeys (D:9)
  4 electric eels
  2 crimson imps
  A centaur zombie (D:9)
  A bullfrog zombie (D:9)
  2 centaur skeletons
  2 bullfrog skeletons
  7 hounds
  Terence (D:3)
  2 iguanas
  9 orc wizards
  Ijyb (D:3)
  8 worker ants
  A hound zombie (D:6)
  2 hound skeletons (D:6)
  A worker ant zombie (D:9)
  Robin (D:3)
  10 adders
  An adder skeleton (D:8)
  3 adder zombies
  3 worms
  2 dart slugs (D:1)
  3 leopard geckos
  45 orcs
  3 ball pythons
  4 giant cockroaches
  13 goblins
  6 hobgoblins
  7 jackals
  2 quokkas
  7 bats
  2 frilled lizards (D:2)
  7 kobolds
  A leopard gecko skeleton (D:5)
  A quokka skeleton (D:7)
  8 rats
  2 plants (Lair:5)
335 creatures vanquished.

Vanquished Creatures (others)
  2 polar bears (IceCv)
  3 yaks (IceCv)
  A slave (D:7)
  4 wolves (IceCv)
  An orc priest (D:7)
  2 orcs (D:7)
  4 fungi
  2 plants
19 creatures vanquished.

Grand Total: 354 creatures vanquished

Notes
Turn   | Place    | Note
-------+----------+-------------------------------------------
     0 | D:1      | Heatsaber the Vine Stalker Arcane Marksman began the quest
                  | for the Orb.
     0 | D:1      | Reached XP level 1. HP: 9/9 MP: 3/3
    18 | D:1      | Reached skill level 1 in Fighting
    97 | D:1      | Reached XP level 2. HP: 11/14 MP: 4/4
   219 | D:1      | Reached skill level 1 in Armour
   792 | D:2      | Reached XP level 3. HP: 15/18 MP: 5/5
  1647 | D:3      | Noticed Robin
  1694 | D:2      | Gained mutation: Your natural rate of healing is unusually
                  | fast. [Vine Stalker growth]
  1694 | D:2      | Reached XP level 4. HP: 9/23 MP: 6/6
  1869 | D:3      | Killed Robin
  2049 | D:3      | Noticed Terence
  2107 | D:3      | Killed Terence
  2107 | D:3      | Reached skill level 1 in Short Blades
  2506 | D:3      | Noticed Ijyb
  2529 | D:3      | Reached XP level 5. HP: 27/27 MP: 5/7
  2600 | D:3      | Killed Ijyb
  2627 | D:3      | Found an ornate altar of the Wu Jian Council.
  3092 | D:4      | Noticed an ogre
  3129 | D:4      | Killed an ogre
  3129 | D:4      | Reached XP level 6. HP: 20/32 MP: 3/8
  3215 | D:4      | Found an opulent altar of Gozag.
  3324 | D:4      | You fall through a shaft for 3 floors!
  3324 | D:7      | Noticed an orc warrior
  3436 | D:7      | Killed an orc warrior
  3436 | D:7      | Reached XP level 7. HP: 28/37 MP: 7/9
  3592 | D:7      | Got an ichor-stained scale mail
  3593 | D:7      | Identified the +5 scale mail "Oroyxzen" {*Corrode rN+++
                  | MP+9 Str+2} (You found it on level 7 of the Dungeon)
  3824 | D:6      | Noticed Duvessa
  3827 | D:6      | Noticed Dowan
  3829 | D:6      | Noticed Eustachio
  3868 | D:5      | Entered Level 5 of the Dungeon
  3877 | D:5      | Found a large runed translucent door.
  3877 | D:5      | Found a large runed translucent door.
  3879 | D:5      | Noticed Jaiteiro's ghost (novice MiFi)
  3884 | D:5      | Found a staircase to the Ecumenical Temple.
  3893 | Temple   | Entered the Ecumenical Temple
  4069 | Temple   | Became a worshipper of Zin the Law-Giver
  4069 | Temple   | Reached * piety under Zin
  4184 | D:5      | Found a glowing drain.
  4283 | D:5      | Reached skill level 1 in Invocations
  4348 | Sewer    | Entered a sewer
  4482 | Sewer    | Gained mutation: You have razor-sharp teeth. [Vine Stalker
                  | growth]
  4482 | Sewer    | Reached XP level 8. HP: 42/42 MP: 10/10
  4543 | Sewer    | Found a white marble altar of Elyvilon.
  4706 | D:5      | Reached ** piety under Zin
  5035 | D:5      | Reached skill level 5 in Short Blades
  5387 | D:4      | Got a dazzling trident
  5388 | D:4      | Identified the +6 trident "Killer Klown's Peril" {holy,
                  | MR+} (You found it on level 4 of the Dungeon)
  5439 | D:4      | Reached *** piety under Zin
  5782 | D:6      | Noticed Blork the orc
  5845 | D:5      | Killed Blork the orc
  5946 | D:5      | Killed Eustachio
  6051 | D:6      | Found Kemitic's General Store.
  6074 | D:6      | Bought a scroll of teleportation for 33 gold pieces
  6110 | D:6      | Reached skill level 5 in Fighting
  6116 | D:6      | Reached XP level 9. HP: 47/47 MP: 12/12
  6318 | D:6      | Killed Dowan
  6513 | D:6      | Killed Duvessa
  6647 | D:7      | Found a blossoming altar of Fedhas.
  6762 | D:7      | Noticed Pikel
  6787 | D:7      | Killed Pikel
  6787 | D:7      | Reached skill level 5 in Armour
  6836 | D:7      | Noticed XPEneeg3's ghost (novice HOFi)
  6836 | D:7      | Found a transporter.
  6840 | D:7      | Found a transporter.
  6941 | D:7      | Reached **** piety under Zin
  7258 | D:8      | Identified the +8 giant spiked club of Anxiety {antimagic,
                  | Stlth+}
  7258 | D:8      | Noticed a two-headed ogre
  7258 | D:8      | Identified the +6 spear "Diukko" {freeze, rF+ Dex+7}
  7259 | D:8      | Noticed a moth of wrath
  7262 | D:8      | Noticed bmj180's ghost (novice HOAK)
  7464 | D:8      | Found an opulent altar of Gozag.
  7467 | D:8      | Found a shattered altar of Ashenzari.
  7467 | D:8      | Found a shimmering altar of Xom.
  7472 | D:8      | Found a glowing golden altar of the Shining One.
  7519 | D:8      | Reached XP level 10. HP: 36/53 MP: 9/14
  7558 | D:8      | Found a transporter.
  7559 | D:8      | Found a bloodstained altar of Trog.
  7566 | D:8      | Found a transporter.
  7572 | D:8      | Reached ***** piety under Zin
  7709 | D:9      | Noticed a two-headed ogre
  7725 | D:9      | Killed a two-headed ogre
  7725 | D:9      | Reached skill level 5 in Invocations
  7771 | D:9      | Noticed a death yak
  7771 | D:9      | Noticed a death yak
  7771 | D:9      | Noticed a death yak
  7781 | D:9      | Noticed a death yak
  7804 | D:9      | Killed a death yak
  7834 | D:9      | Killed a death yak
  7935 | D:9      | Killed a death yak
  7973 | D:9      | Noticed a death yak
  7974 | D:9      | Noticed a death yak
  8020 | D:9      | Killed a death yak
  8020 | D:9      | Reached XP level 11. HP: 54/58 MP: 16/16
  8046 | D:9      | Killed a death yak
  8113 | D:9      | Killed a death yak
  8219 | D:9      | Reached skill level 10 in Short Blades
  8220 | D:9      | Found a staircase to the Lair.
  8351 | D:9      | Noticed a two-headed ogre
  8431 | D:9      | Killed a two-headed ogre
  8700 | Lair:1   | Entered Level 1 of the Lair of Beasts
  9247 | Lair:1   | Reached skill level 1 in Shields
  9782 | Lair:2   | Found a hole to the Spider Nest.
  9827 | Lair:2   | Noticed a five-headed hydra
  9845 | Lair:2   | Killed a five-headed hydra
  9845 | Lair:2   | Gained mutation: You heal very quickly. [Vine Stalker
                  | growth]
  9845 | Lair:2   | Reached XP level 12. HP: 36/64 MP: 19/19
 10088 | Lair:2   | Found a gate leading to a gauntlet.
 10104 | Lair:2   | Found a frozen archway.
 10213 | IceCv    | Entered an ice cave
 10522 | IceCv    | Reached skill level 5 in Shields
 10659 | IceCv    | Learned a level 3 spell: Portal Projectile
 10661 | IceCv    | Learned a level 1 spell: Apportation
 10718 | IceCv    | Reached ****** piety under Zin
 10719 | IceCv    | Noticed a death yak
 10719 | IceCv    | Noticed a death yak
 10719 | IceCv    | Noticed a white draconian
 10904 | IceCv    | Reached skill level 10 in Invocations
 11236 | IceCv    | Killed a white draconian
 11343 | IceCv    | Killed a death yak
 11376 | IceCv    | Killed a death yak
 11376 | IceCv    | Reached XP level 13. HP: 35/68 MP: 20/21
 12026 | Lair:2   | Found a staircase to the Shoals.
 12183 | Lair:2   | Learned a level 2 spell: Blink
 12188 | Lair:2   | Learned a level 4 spell: Passage of Golubria
 12224 | Lair:3   | Got a smelly chain mail
 12235 | Lair:3   | Identified the +1 chain mail of Olokhokh {Int+2} (You found
                  | it on level 3 of the Lair of Beasts)
 12433 | Lair:3   | Reached skill level 1 in Translocations
 14040 | Lair:5   | Found the +7 longbow "Piercer" {penet, EV-2}
 14259 | Lair:5   | Found a transporter.
 14272 | Lair:5   | Found a transporter.
 14275 | Lair:5   | Noticed doot's ghost (journeyman HOFE)
 14960 | Lair:5   | Slain by a black mamba

Skill      XL: |  1  2  3  4  5  6  7  8  9 10 11 12 13 |
---------------+----------------------------------------+-----
Fighting       | 1 2 3 4 5 6 7 8 |  8.0
Armour         | 1 2 3 4 5 6 7 8 |  8.0
Short Blades   | 1 2 3 4 6 7 9 10 | 10.6
Invocations    | 1 3 4 6 8 10 | 10.0
Shields        | 2 8 9 |  9.8
Translocations | 4 |  4.0
Throwing       | |  1.7
Dodging        | |  1.5
Spellcasting   | |  1.1
Hexes          | |  3.0

Action                   |  1- 3 |  4- 6 |  7- 9 | 10-12 | 13-15 || total
-------------------------+-------+-------+-------+-------+-------++-------
Melee: Unarmed           |    16 |       |       |       |       ||    16
       Bite              |    43 |   124 |   240 |   386 |   139 ||   932
       Club              |    43 |       |       |       |       ||    43
       Dagger            |    89 |   444 |   220 |       |       ||   753
       Short sword       |       |       |   382 |   964 |   372 ||  1718
       Rapier            |       |       |   108 |       |       ||   108
       Trident           |       |       |    25 |       |       ||    25
Throw: Javelin           |    17 |    15 |     4 |       |       ||    36
       Tomahawk          |       |       |     9 |    28 |    10 ||    47
Invok: Recite            |       |       |    17 |    10 |       ||    27
       Vitalisation      |       |       |     1 |       |       ||     1
Evoke: Wand              |       |     4 |       |       |       ||     4
  Use: Scroll            |       |     1 |    16 |     4 |     8 ||    29
       Potion            |       |       |     4 |       |       ||     4
 Stab: Confused          |       |     4 |     1 |     1 |       ||     6
  Eat: Chunk             |     3 |     6 |    10 |    10 |    12 ||    41
       Ration            |       |       |     2 |     1 |       ||     3
Armor: Robe              |     8 |       |       |       |       ||     8
       Plate armour      |   120 |   352 |   587 |   512 |     8 ||  1579
       Chain mail        |       |       |       |       |   188 ||   188
Dodge: Dodged            |    54 |    61 |   167 |   236 |   104 ||   622
       Deflected         |     1 |       |     2 |     2 |       ||     5
